[ AOE2 MATCH · #462134351 ]
Team RMItalians vs Burmese
[ REPLAY ANALYSIS · EXTRACTED FROM THE RECORDED GAME ]
Feudal
12:25
Castle
15:58
Imperial
37:44
| APM avg | 65.9 |
| APM peak | 104 |
| eAPM avg | 37.2 |
| Villagers / military | 285 / 184 |
Focus
⚔️ 34.3% · 🌾 65.7%
Genoese Crossbowman ×134 · Hand Cannoneer ×17 · Scout Cavalry ×15 · Fishing Ship ×14 · Trebuchet (Packed) ×9 · Mangonel ×3
Feudal
13:28
Castle
17:23
Imperial
39:59
| APM avg | 44.2 |
| APM peak | 79 |
| eAPM avg | 24.1 |
| Villagers / military | 166 / 102 |
Focus
⚔️ 39.4% · 🌾 60.6%
Rattan Archer ×64 · Unknown (2626) ×31 · Mangonel ×12 · Bombard Cannon ×11 · Fishing Ship ×9 · Petard ×8
Feudal
13:30
Castle
19:48
Imperial
34:52
| APM avg | 46.7 |
| APM peak | 105 |
| eAPM avg | 31.7 |
| Villagers / military | 291 / 137 |
Focus
⚔️ 36.9% · 🌾 63.1%
Cavalry Archer ×89 · Knight ×42 · Unknown (2626) ×18 · Fishing Ship ×6 · Trebuchet (Packed) ×4 · Tarkan ×2
Feudal
13:26
Castle
17:48
Imperial
39:57
| APM avg | 53.0 |
| APM peak | 107 |
| eAPM avg | 38.9 |
| Villagers / military | 223 / 411 |
Focus
⚔️ 47.8% · 🌾 52.2%
Camel Scout ×161 · Scout Cavalry ×134 · Hand Cannoneer ×79 · Fishing Ship ×20 · Bombard Cannon ×8 · Armored Elephant ×8
Feudal
26:13
Castle
29:47
Imperial
37:42
| APM avg | 40.4 |
| APM peak | 89 |
| eAPM avg | 21.5 |
| Villagers / military | 165 / 199 |
Focus
⚔️ 35.5% · 🌾 64.5%
Skirmisher ×128 · Hussite Wagon ×29 · Hand Cannoneer ×28 · Bombard Cannon ×9 · Fishing Ship ×6 · Archer ×2
Feudal
12:54
Castle
16:35
Imperial
—
| APM avg | 42.0 |
| APM peak | 83 |
| eAPM avg | 24.3 |
| Villagers / military | 208 / 105 |
Focus
⚔️ 29.9% · 🌾 70.1%
Skirmisher ×51 · Serjeant ×38 · Fishing Ship ×8 · Knight ×6 · Scorpion ×6 · Monk ×3
Feudal
12:17
Castle
25:55
Imperial
42:20
| APM avg | 52.2 |
| APM peak | 114 |
| eAPM avg | 35.3 |
| Villagers / military | 160 / 278 |
Focus
⚔️ 38.6% · 🌾 61.4%
Unknown (882) ×283 · Spearman ×193 · Organ Gun ×43 · Fire Galley ×33 · Fishing Ship ×14 · Bombard Cannon ×5
Feudal
27:27
Castle
33:34
Imperial
38:44
| APM avg | 29.1 |
| APM peak | 54 |
| eAPM avg | 17.3 |
| Villagers / military | 80 / 40 |
Focus
⚔️ 27.0% · 🌾 73.0%
Monk ×37 · Fishing Ship ×10 · Trebuchet (Packed) ×3
Match map
Initial resources + every placement click. Lines = walls · curves = elevation contours. ◆ gold · ⬟ stone · ● berries · ✦ relic · ◌ wall gap
Your base· Open — 10t gap
ilovebaskets's base· Open — unwalled flank
VELEZ Y VINO's base· Open — 6t gap
展毅's base· Open — unwalled flank
RománMás3's base· ✓ Closed at 29:47 · 59t walls · no gate
Gary_zZ's base· Open — 10t gap
Chechelino's base· Open — 5t gap
幼猫上坟's base· Open — unwalled flank
Smoothed initial terrain · ◌ = detected wall gap · hover for details
Inputs per minute
— Chopi - - ilovebaskets
Build order — Chopi
First 150 of 777 actions detected
| 0:15 | Build | Town Center |
| 1:04 | Build | Dock |
| 1:50 | Build | House |
| 2:37 | Create | Villager (Male) |
| 2:37 | Create | Villager (Male) |
| 2:37 | Create | Villager (Male) |
| 2:38 | Create | Villager (Male) |
| 3:42 | Create | Villager (Male) |
| 3:43 | Create | Villager (Male) |
| 3:43 | Create | Villager (Male) |
| 4:16 | Create | Villager (Male) |
| 4:17 | Create | Villager (Male) |
| 4:36 | Build | House |
| 4:54 | Create | Villager (Male) |
| 4:54 | Create | Villager (Male) |
| 4:57 | Create | Fishing Ship |
| 4:57 | Create | Fishing Ship |
| 5:22 | Create | Villager (Male) |
| 5:23 | Create | Villager (Male) |
| 5:36 | Create | Fishing Ship |
| 5:36 | Create | Fishing Ship |
| 5:49 | Create | Villager (Male) |
| 5:49 | Create | Villager (Male) |
| 5:52 | Build | House |
| 6:23 | Create | Villager (Male) |
| 6:23 | Create | Villager (Male) |
| 6:24 | Create | Villager (Male) |
| 6:28 | Create | Villager (Male) |
| 6:28 | Create | Villager (Male) |
| 6:36 | Create | Fishing Ship |
| 6:36 | Create | Fishing Ship |
| 6:52 | Create | Villager (Male) |
| 6:52 | Create | Villager (Male) |
| 7:16 | Create | Fishing Ship |
| 7:16 | Create | Fishing Ship |
| 7:30 | Research | Loom |
| 7:31 | Create | Villager (Male) |
| 7:32 | Create | Villager (Male) |
| 7:32 | Create | Villager (Male) |
| 7:38 | Build | House |
| 8:01 | Create | Fishing Ship |
| 8:15 | Create | Villager (Male) |
| 8:25 | Build | House |
| 8:35 | Create | Villager (Male) |
| 8:48 | Build | Mill |
| 9:00 | Create | Villager (Male) |
| 9:10 | Build | House |
| 9:18 | Build | House |
| 9:20 | Create | Fishing Ship |
| 9:29 | Create | Villager (Male) |
| 10:15 | Research | Feudal Age |
| 10:29 | Create | Fishing Ship |
| 12:11 | Create | Villager (Male) |
| 12:11 | Create | Villager (Male) |
| 12:25 | Age | Feudal Age |
| 12:26 | Build | Market |
| 12:28 | Build | Blacksmith |
| 13:01 | Build | Lumber Camp |
| 13:18 | Research | Castle Age |
| 13:18 | Research | Castle Age |
| 13:40 | Build | Mining Camp |
| 14:08 | Research | Double-Bit Axe |
| 14:08 | Research | Double-Bit Axe |
| 15:05 | Build | Dock |
| 15:24 | Create | Villager (Male) |
| 15:24 | Create | Villager (Male) |
| 15:41 | Build | House |
| 15:58 | Age | Castle Age |
| 16:09 | Research | Bow Saw |
| 16:35 | Create | Villager (Male) |
| 16:41 | Create | Fishing Ship |
| 16:54 | Research | Tech 906 |
| 16:54 | Research | Tech 906 |
| 17:04 | Build | Castle |
| 17:18 | Create | Villager (Male) |
| 17:18 | Create | Villager (Male) |
| 17:28 | Build | Castle |
| 17:34 | Build | House |
| 17:38 | Build | Palisade Wall |
| 17:42 | Build | Palisade Wall |
| 17:44 | Build | Palisade Wall |
| 17:46 | Build | Palisade Wall |
| 17:49 | Build | Palisade Wall |
| 17:53 | Build | House |
| 17:59 | Build | Palisade Wall |
| 18:04 | Create | Villager (Male) |
| 18:09 | Research | Fletching |
| 18:09 | Research | Fletching |
| 18:12 | Build | House |
| 18:12 | Build | House |
| 18:13 | Build | House |
| 18:34 | Create | Villager (Male) |
| 18:39 | Create | Genoese Crossbowman |
| 18:39 | Create | Genoese Crossbowman |
| 18:46 | Create | Genoese Crossbowman |
| 18:46 | Create | Genoese Crossbowman |
| 18:51 | Build | Lumber Camp |
| 19:01 | Create | Villager (Male) |
| 19:02 | Create | Genoese Crossbowman |
| 19:21 | Create | Genoese Crossbowman |
| 19:23 | Create | Villager (Male) |
| 19:31 | Research | Bodkin Arrow |
| 19:31 | Research | Bodkin Arrow |
| 19:31 | Research | Bodkin Arrow |
| 19:50 | Create | Genoese Crossbowman |
| 19:50 | Create | Genoese Crossbowman |
| 19:51 | Create | Villager (Male) |
| 20:00 | Create | Genoese Crossbowman |
| 20:00 | Create | Genoese Crossbowman |
| 20:06 | Create | Genoese Crossbowman |
| 20:08 | Create | Genoese Crossbowman |
| 20:28 | Create | Genoese Crossbowman |
| 20:28 | Create | Genoese Crossbowman |
| 20:34 | Create | Villager (Male) |
| 20:35 | Create | Villager (Male) |
| 20:56 | Create | Fishing Ship |
| 20:57 | Create | Fishing Ship |
| 21:00 | Create | Genoese Crossbowman |
| 21:18 | Create | Genoese Crossbowman |
| 21:18 | Create | Villager (Male) |
| 21:23 | Build | Town Center |
| 21:38 | Create | Genoese Crossbowman |
| 21:38 | Create | Genoese Crossbowman |
| 21:40 | Create | Villager (Male) |
| 21:42 | Build | House |
| 21:43 | Build | House |
| 21:45 | Build | House |
| 21:48 | Create | Genoese Crossbowman |
| 21:49 | Create | Villager (Male) |
| 22:29 | Create | Villager (Male) |
| 22:56 | Create | Genoese Crossbowman |
| 22:57 | Create | Genoese Crossbowman |
| 23:00 | Create | Genoese Crossbowman |
| 23:12 | Create | Villager (Male) ×5 |
| 23:13 | Create | Villager (Male) |
| 23:13 | Create | Villager (Male) |
| 23:13 | Create | Villager (Male) |
| 23:30 | Create | Villager (Male) |
| 23:31 | Create | Genoese Crossbowman |
| 23:35 | Build | Town Center |
| 23:37 | Research | Horse Collar |
| 23:57 | Create | Genoese Crossbowman |
| 23:57 | Create | Genoese Crossbowman |
| 23:58 | Create | Genoese Crossbowman |
| 23:58 | Create | Genoese Crossbowman |
| 24:12 | Create | Genoese Crossbowman |
| 24:12 | Create | Genoese Crossbowman |
| 24:12 | Create | Villager (Male) |
| 24:14 | Create | Villager (Male) |
| 24:14 | Create | Villager (Male) |
Build order — ilovebaskets
First 150 of 533 actions detected
| 0:38 | Build | Town Center |
| 0:48 | Build | Dock |
| 0:49 | Build | House |
| 2:57 | Create | Villager (Male) |
| 2:57 | Create | Villager (Male) |
| 2:57 | Create | Villager (Male) |
| 2:57 | Create | Villager (Male) |
| 3:58 | Create | Villager (Male) |
| 4:00 | Create | Fishing Ship |
| 4:23 | Research | Loom |
| 4:50 | Build | House |
| 4:57 | Build | House |
| 5:21 | Create | Fishing Ship |
| 5:29 | Create | Villager (Male) |
| 5:57 | Create | Villager (Male) |
| 6:14 | Create | Villager (Male) |
| 6:16 | Create | Fishing Ship |
| 6:31 | Build | House |
| 6:39 | Create | Villager (Male) |
| 7:04 | Create | Villager (Male) |
| 7:16 | Create | Fishing Ship |
| 7:23 | Create | Villager (Male) |
| 7:51 | Create | Villager (Male) |
| 7:52 | Create | Villager (Male) |
| 7:52 | Create | Villager (Male) |
| 7:54 | Create | Fishing Ship |
| 8:15 | Build | House |
| 8:31 | Create | Villager (Male) |
| 8:40 | Create | Villager (Male) |
| 8:41 | Create | Fishing Ship |
| 9:02 | Create | Villager (Male) |
| 9:23 | Create | Fishing Ship |
| 9:27 | Build | House |
| 9:40 | Create | Villager (Male) |
| 10:15 | Create | Fishing Ship |
| 10:20 | Create | Villager (Male) |
| 10:47 | Create | Villager (Male) |
| 10:48 | Create | Fishing Ship |
| 10:56 | Build | Mill |
| 11:18 | Research | Feudal Age |
| 11:19 | Research | Feudal Age |
| 11:22 | Build | Mining Camp |
| 11:34 | Create | Villager (Male) |
| 11:34 | Create | Villager (Male) |
| 11:54 | Build | House |
| 13:08 | Build | Lumber Camp |
| 13:28 | Age | Feudal Age |
| 13:30 | Build | Market |
| 14:04 | Create | Villager (Male) |
| 14:07 | Build | Blacksmith |
| 14:32 | Build | House |
| 14:41 | Research | Castle Age |
| 14:43 | Research | Double-Bit Axe |
| 14:43 | Research | Double-Bit Axe |
| 14:47 | Build | House |
| 15:17 | Build | Dock |
| 15:30 | Create | Unit 2626 |
| 15:47 | Research | Gold Mining |
| 15:53 | Build | House |
| 15:56 | Create | Unit 2626 |
| 15:56 | Create | Unit 2626 |
| 16:02 | Build | House |
| 16:09 | Create | Villager (Male) |
| 16:27 | Create | Unit 2626 |
| 16:28 | Create | Unit 2626 |
| 16:29 | Create | Villager (Male) |
| 16:37 | Build | House |
| 16:38 | Build | House |
| 17:04 | Build | House |
| 17:05 | Build | Palisade Wall |
| 17:23 | Age | Castle Age |
| 17:27 | Research | War Galley (upgrade) |
| 17:27 | Research | War Galley (upgrade) |
| 17:29 | Research | Forging |
| 17:29 | Research | Forging |
| 17:30 | Create | Villager (Male) |
| 17:34 | Research | Bow Saw |
| 17:52 | Build | Lumber Camp |
| 17:52 | Create | Villager (Male) |
| 17:54 | Create | Unit 2626 |
| 17:54 | Create | Unit 2626 |
| 18:12 | Create | Villager (Male) |
| 18:12 | Create | Unit 2626 |
| 18:18 | Create | Villager (Male) |
| 18:18 | Create | Villager (Male) |
| 18:36 | Create | Unit 2626 |
| 18:50 | Create | Unit 2626 |
| 18:51 | Create | Villager (Male) |
| 19:02 | Create | Unit 2626 |
| 19:05 | Create | Villager (Male) |
| 19:12 | Create | Unit 2626 |
| 19:16 | Research | Tech 906 |
| 19:16 | Research | Tech 906 |
| 19:34 | Create | Villager (Male) |
| 19:56 | Build | Town Center |
| 20:03 | Create | Unit 2626 |
| 20:07 | Create | Unit 2626 |
| 20:08 | Create | Unit 2626 |
| 20:12 | Create | Villager (Male) |
| 20:45 | Create | Unit 2626 |
| 20:45 | Create | Unit 2626 |
| 20:45 | Create | Villager (Male) |
| 20:53 | Create | Villager (Male) |
| 20:54 | Create | Villager (Male) |
| 20:54 | Create | Villager (Male) |
| 20:58 | Build | House |
| 20:58 | Build | House |
| 21:01 | Create | Villager (Male) |
| 21:02 | Create | Villager (Male) |
| 21:17 | Create | Unit 2626 |
| 21:17 | Create | Unit 2626 |
| 21:17 | Create | Unit 2626 |
| 21:26 | Create | Villager (Male) |
| 21:38 | Create | Villager (Male) |
| 21:43 | Build | Siege Workshop |
| 21:50 | Create | Villager (Male) |
| 21:55 | Create | Villager (Male) |
| 21:55 | Create | Villager (Male) |
| 22:03 | Build | House |
| 22:07 | Create | Scorpion |
| 22:07 | Create | Scorpion |
| 22:14 | Build | Lumber Camp |
| 22:19 | Build | House |
| 22:20 | Build | Palisade Wall |
| 22:22 | Build | House |
| 22:33 | Create | Villager (Male) |
| 22:36 | Create | Villager (Male) |
| 22:36 | Create | Villager (Male) |
| 22:45 | Create | Scorpion |
| 23:15 | Create | Villager (Male) |
| 23:23 | Create | Villager (Male) |
| 23:24 | Create | Villager (Male) |
| 23:28 | Build | Mill |
| 23:30 | Create | Villager (Male) |
| 23:35 | Create | Unit 2626 |
| 23:35 | Create | Unit 2626 |
| 23:35 | Create | Unit 2626 |
| 23:38 | Build | House |
| 23:38 | Build | House |
| 24:03 | Build | House |
| 24:11 | Create | Unit 2626 |
| 24:22 | Create | Villager (Male) |
| 24:25 | Create | Villager (Male) |
| 24:29 | Research | Horse Collar |
| 24:31 | Create | Villager (Male) |
| 24:37 | Create | Unit 2626 |
| 24:38 | Create | Unit 2626 |
| 24:38 | Create | Unit 2626 |
| 24:57 | Create | Villager (Male) |
| 25:00 | Build | House |
Build order — VELEZ Y VINO
First 150 of 651 actions detected
| 0:20 | Build | Town Center |
| 2:38 | Create | Villager (Male) ×4 |
| 2:38 | Create | Villager (Male) ×4 |
| 3:39 | Build | Dock |
| 4:14 | Research | Loom |
| 4:39 | Create | Villager (Male) |
| 4:39 | Create | Villager (Male) |
| 4:40 | Create | Villager (Male) |
| 4:57 | Create | Villager (Male) |
| 4:57 | Create | Villager (Male) |
| 4:57 | Create | Villager (Male) |
| 5:12 | Create | Fishing Ship |
| 5:17 | Create | Villager (Male) |
| 5:17 | Create | Villager (Male) |
| 5:46 | Create | Villager (Male) |
| 5:46 | Create | Villager (Male) |
| 5:46 | Create | Villager (Male) |
| 6:18 | Create | Villager (Male) |
| 6:18 | Create | Villager (Male) |
| 6:26 | Create | Fishing Ship |
| 6:34 | Create | Villager (Male) |
| 6:34 | Create | Villager (Male) |
| 6:51 | Create | Villager (Male) |
| 6:54 | Create | Fishing Ship |
| 7:21 | Create | Villager (Male) |
| 7:21 | Create | Villager (Male) |
| 7:43 | Create | Villager (Male) |
| 7:56 | Create | Fishing Ship |
| 7:59 | Create | Villager (Male) |
| 8:05 | Create | Villager (Male) |
| 8:06 | Create | Villager (Male) |
| 8:06 | Create | Villager (Male) |
| 8:16 | Create | Villager (Male) |
| 8:32 | Create | Fishing Ship |
| 8:56 | Create | Villager (Male) |
| 9:10 | Create | Villager (Male) |
| 9:27 | Create | Villager (Male) |
| 9:31 | Create | Fishing Ship |
| 9:40 | Create | Villager (Male) |
| 10:20 | Build | Mill |
| 11:17 | Research | Feudal Age |
| 11:21 | Build | Lumber Camp |
| 12:11 | Build | Barracks |
| 12:29 | Create | Villager (Male) |
| 13:17 | Build | Dock |
| 13:30 | Age | Feudal Age |
| 13:35 | Create | Unit 2626 |
| 13:35 | Create | Unit 2626 |
| 13:43 | Create | Villager (Male) |
| 13:47 | Research | Double-Bit Axe |
| 13:49 | Create | Villager (Male) |
| 14:06 | Build | Stable |
| 14:08 | Create | Villager (Male) |
| 14:24 | Create | Unit 2626 |
| 14:24 | Create | Unit 2626 |
| 14:48 | Create | Unit 2626 |
| 14:49 | Create | Unit 2626 |
| 14:52 | Create | Villager (Male) |
| 15:16 | Create | Unit 2626 |
| 15:16 | Create | Unit 2626 |
| 15:35 | Create | Villager (Male) |
| 16:03 | Create | Unit 2626 |
| 16:04 | Create | Unit 2626 |
| 16:18 | Build | Blacksmith |
| 16:18 | Create | Villager (Male) |
| 16:18 | Create | Villager (Male) |
| 17:05 | Research | Castle Age |
| 17:05 | Research | Castle Age |
| 17:18 | Create | Villager (Male) |
| 17:40 | Build | Lumber Camp |
| 17:44 | Create | Villager (Male) |
| 17:57 | Create | Villager (Male) |
| 18:07 | Create | Villager (Male) |
| 18:11 | Build | Stable |
| 18:16 | Research | Scale Barding Armor |
| 18:17 | Research | Bloodlines |
| 18:35 | Create | Unit 2626 |
| 18:35 | Create | Unit 2626 |
| 18:35 | Create | Unit 2626 |
| 19:37 | Create | Villager (Male) |
| 19:48 | Create | Villager (Male) |
| 19:48 | Age | Castle Age |
| 19:56 | Research | War Galley (upgrade) |
| 19:59 | Create | Knight |
| 19:59 | Create | Knight |
| 20:02 | Create | Villager (Male) |
| 20:07 | Build | Town Center |
| 20:13 | Create | Villager (Male) |
| 20:35 | Create | Villager (Male) |
| 20:35 | Create | Villager (Male) |
| 20:36 | Create | Villager (Male) |
| 20:42 | Create | Knight |
| 20:43 | Create | Knight |
| 21:04 | Create | Knight |
| 21:04 | Create | Knight |
| 21:15 | Create | Villager (Male) |
| 21:31 | Create | Villager (Male) |
| 21:31 | Create | Villager (Male) |
| 21:31 | Create | Villager (Male) |
| 21:57 | Build | Town Center |
| 22:10 | Create | Villager (Male) |
| 22:37 | Build | Dock |
| 22:39 | Create | Unit 2626 |
| 22:39 | Create | Unit 2626 |
| 22:39 | Create | Unit 2626 |
| 22:48 | Create | Knight |
| 22:49 | Create | Knight |
| 23:07 | Create | Unit 2626 |
| 23:07 | Create | Unit 2626 |
| 23:29 | Create | Villager (Male) |
| 23:29 | Create | Villager (Male) |
| 23:29 | Create | Villager (Male) |
| 23:30 | Create | Villager (Male) |
| 23:51 | Build | Farm |
| 23:52 | Build | Farm |
| 23:52 | Build | Farm |
| 23:52 | Build | Farm |
| 24:16 | Build | Farm |
| 24:17 | Build | Farm |
| 24:17 | Build | Farm |
| 24:17 | Build | Farm |
| 24:18 | Build | Farm |
| 24:19 | Build | Farm |
| 24:19 | Build | Farm |
| 24:19 | Build | Farm |
| 24:21 | Create | Villager (Male) |
| 24:21 | Create | Villager (Male) |
| 24:21 | Create | Villager (Male) |
| 25:07 | Create | Knight |
| 25:07 | Create | Knight |
| 25:12 | Build | Farm |
| 25:35 | Create | Knight |
| 25:35 | Create | Knight |
| 25:35 | Create | Knight |
| 25:46 | Build | Market |
| 25:47 | Create | Villager (Male) |
| 25:47 | Create | Villager (Male) |
| 25:48 | Create | Villager (Male) |
| 25:52 | Build | Farm |
| 25:53 | Build | Farm |
| 25:54 | Create | Villager (Male) |
| 25:55 | Create | Villager (Male) |
| 25:55 | Create | Villager (Male) |
| 26:14 | Create | Knight |
| 26:14 | Create | Knight |
| 26:18 | Build | Farm |
| 26:19 | Build | Farm |
| 26:20 | Create | Villager (Male) |
| 26:20 | Create | Villager (Male) |
| 26:20 | Create | Villager (Male) |
Build order — 展毅
First 150 of 872 actions detected
| 0:12 | Build | Town Center |
| 0:22 | Build | Dock |
| 0:26 | Build | House |
| 2:32 | Create | Villager (Male) |
| 2:33 | Create | Villager (Male) |
| 2:33 | Create | Villager (Male) |
| 2:33 | Create | Villager (Male) |
| 2:34 | Create | Villager (Male) |
| 2:43 | Create | Villager (Male) |
| 2:43 | Create | Villager (Male) |
| 2:44 | Create | Villager (Male) |
| 3:41 | Create | Fishing Ship |
| 3:42 | Create | Fishing Ship |
| 4:15 | Build | House |
| 4:32 | Create | Villager (Male) |
| 4:32 | Create | Villager (Male) |
| 4:46 | Create | Fishing Ship |
| 4:47 | Create | Fishing Ship |
| 4:54 | Research | Loom |
| 5:29 | Create | Fishing Ship |
| 5:30 | Create | Villager (Male) |
| 5:30 | Create | Villager (Male) |
| 5:40 | Build | House |
| 6:02 | Create | Villager (Male) |
| 6:02 | Create | Villager (Male) |
| 6:03 | Create | Villager (Male) |
| 6:08 | Create | Fishing Ship |
| 6:08 | Create | Fishing Ship |
| 6:25 | Create | Villager (Male) |
| 6:25 | Create | Villager (Male) |
| 6:41 | Create | Villager (Male) |
| 6:41 | Create | Villager (Male) |
| 6:41 | Create | Villager (Male) |
| 6:56 | Create | Fishing Ship |
| 7:06 | Create | Villager (Male) |
| 7:24 | Build | House |
| 7:26 | Create | Villager (Male) |
| 7:26 | Create | Villager (Male) |
| 7:26 | Create | Villager (Male) |
| 7:30 | Create | Villager (Male) |
| 7:31 | Create | Villager (Male) |
| 7:31 | Create | Villager (Male) |
| 7:39 | Create | Fishing Ship |
| 7:39 | Create | Fishing Ship |
| 8:00 | Create | Villager (Male) |
| 8:00 | Create | Villager (Male) |
| 8:01 | Create | Villager (Male) |
| 8:22 | Create | Fishing Ship |
| 8:22 | Create | Fishing Ship |
| 8:28 | Create | Villager (Male) |
| 8:28 | Create | Villager (Male) |
| 8:40 | Create | Villager (Male) |
| 8:40 | Create | Villager (Male) |
| 8:40 | Create | Villager (Male) |
| 8:40 | Create | Villager (Male) |
| 8:44 | Build | House |
| 8:54 | Create | Villager (Male) |
| 8:54 | Create | Villager (Male) |
| 9:17 | Create | Fishing Ship |
| 9:22 | Build | House |
| 10:07 | Build | Dock |
| 10:44 | Build | Mining Camp |
| 10:47 | Create | Villager (Male) |
| 11:09 | Create | Fishing Ship |
| 11:16 | Research | Feudal Age |
| 11:41 | Build | Mill |
| 11:52 | Create | Villager (Male) |
| 12:16 | Build | Barracks |
| 13:26 | Age | Feudal Age |
| 13:28 | Build | Stable |
| 13:36 | Build | Blacksmith |
| 13:50 | Create | Villager (Male) |
| 14:14 | Build | Lumber Camp |
| 14:17 | Create | Villager (Male) |
| 14:53 | Create | Unit 2626 |
| 15:06 | Create | Unit 2626 |
| 15:06 | Create | Unit 2626 |
| 15:08 | Research | Castle Age |
| 15:14 | Build | House |
| 15:23 | Research | Double-Bit Axe |
| 15:24 | Research | Double-Bit Axe |
| 15:24 | Research | Double-Bit Axe |
| 15:55 | Create | Scout Cavalry |
| 16:20 | Create | Unit 2626 |
| 16:27 | Create | Villager (Male) |
| 16:28 | Create | Scout Cavalry |
| 16:29 | Create | Scout Cavalry |
| 16:38 | Build | House |
| 16:59 | Research | Forging |
| 16:59 | Research | Forging |
| 17:37 | Create | Villager (Male) |
| 17:48 | Age | Castle Age |
| 17:49 | Research | Light Cavalry (upgrade) |
| 17:50 | Research | Bloodlines |
| 18:02 | Build | Dock |
| 18:03 | Create | Villager (Male) |
| 18:11 | Build | Town Center |
| 18:26 | Create | Villager (Male) |
| 18:30 | Build | Town Center |
| 18:37 | Create | Fishing Ship |
| 18:40 | Research | Tech 906 |
| 19:23 | Create | Villager (Male) |
| 19:26 | Create | Villager (Male) |
| 19:30 | Create | Fishing Ship |
| 19:33 | Create | Villager (Male) |
| 19:33 | Create | Villager (Male) |
| 19:33 | Create | Villager (Male) |
| 19:53 | Build | Siege Workshop |
| 20:06 | Create | Villager (Male) |
| 20:23 | Create | Camel Scout |
| 20:37 | Create | Villager (Male) |
| 20:37 | Create | Villager (Male) |
| 20:37 | Create | Villager (Male) |
| 20:38 | Create | Villager (Male) |
| 20:40 | Create | Scorpion |
| 20:41 | Create | Camel Scout |
| 20:42 | Create | Camel Scout |
| 20:42 | Create | Camel Scout |
| 20:54 | Create | Villager (Male) |
| 21:03 | Create | Villager (Male) |
| 21:22 | Create | Villager (Male) |
| 21:25 | Create | Camel Scout |
| 21:29 | Create | Villager (Male) |
| 21:32 | Build | House |
| 21:34 | Create | Villager (Male) |
| 21:44 | Create | Villager (Male) |
| 21:52 | Create | Villager (Male) |
| 21:57 | Create | Villager (Male) |
| 22:05 | Create | Fishing Ship |
| 22:06 | Create | Fishing Ship |
| 22:07 | Create | Villager (Male) |
| 22:13 | Create | Villager (Male) |
| 22:25 | Create | Villager (Male) |
| 22:28 | Build | Town Center |
| 22:29 | Create | Villager (Male) |
| 22:40 | Create | Villager (Male) |
| 22:45 | Build | House |
| 22:59 | Create | Scorpion |
| 23:02 | Create | Villager (Male) |
| 23:03 | Build | House |
| 23:06 | Build | Palisade Wall |
| 23:08 | Build | House |
| 23:19 | Build | House |
| 23:20 | Create | Villager (Male) |
| 23:23 | Create | Scorpion |
| 23:28 | Create | Villager (Male) |
| 23:34 | Build | Lumber Camp |
| 23:36 | Create | Villager (Male) |
| 23:39 | Create | Villager (Male) |
| 23:40 | Create | Villager (Male) |
Build order — RománMás3
First 150 of 500 actions detected
| 0:03 | Build | Town Center |
| 1:12 | Build | Dock |
| 1:42 | Build | House |
| 1:59 | Build | Palisade Wall |
| 2:04 | Build | Palisade Wall |
| 2:13 | Build | Palisade Wall |
| 2:16 | Build | Palisade Wall |
| 2:17 | Build | Palisade Wall |
| 2:19 | Build | Palisade Wall |
| 2:35 | Create | Villager (Male) |
| 2:35 | Create | Villager (Male) |
| 2:36 | Create | Villager (Male) |
| 2:58 | Create | Villager (Male) |
| 3:51 | Create | Fishing Ship |
| 4:11 | Create | Villager (Male) |
| 4:12 | Create | Villager (Male) |
| 4:23 | Build | House |
| 4:46 | Create | Villager (Male) |
| 4:46 | Create | Villager (Male) |
| 5:08 | Create | Villager (Male) |
| 5:09 | Create | Villager (Male) |
| 5:15 | Create | Fishing Ship |
| 5:33 | Create | Villager (Male) |
| 5:33 | Create | Villager (Male) |
| 6:02 | Create | Villager (Male) |
| 6:07 | Build | House |
| 6:20 | Create | Fishing Ship |
| 6:29 | Create | Villager (Male) |
| 6:29 | Create | Villager (Male) |
| 6:52 | Create | Villager (Male) |
| 6:53 | Create | Villager (Male) |
| 7:18 | Create | Villager (Male) |
| 7:23 | Build | House |
| 7:25 | Create | Fishing Ship |
| 7:50 | Create | Villager (Male) |
| 7:50 | Create | Villager (Male) |
| 7:55 | Create | Fishing Ship |
| 8:15 | Research | Loom |
| 8:15 | Research | Loom |
| 8:34 | Create | Villager (Male) |
| 8:36 | Create | Fishing Ship |
| 8:40 | Build | House |
| 8:59 | Create | Villager (Male) |
| 9:30 | Build | Lumber Camp |
| 9:44 | Create | Villager (Male) |
| 9:45 | Create | Villager (Male) |
| 10:14 | Build | House |
| 10:16 | Create | Villager (Male) |
| 10:48 | Create | Villager (Male) |
| 10:51 | Build | Palisade Wall |
| 10:52 | Build | Palisade Wall |
| 10:52 | Build | Palisade Wall |
| 10:53 | Build | Palisade Wall |
| 10:53 | Build | Palisade Wall |
| 10:55 | Build | Palisade Wall |
| 11:11 | Create | Villager (Male) |
| 11:37 | Create | Villager (Male) |
| 11:52 | Create | Villager (Male) |
| 12:15 | Create | Villager (Male) |
| 12:44 | Create | Villager (Male) |
| 12:56 | Create | Villager (Male) |
| 13:20 | Create | Villager (Male) |
| 13:37 | Create | Villager (Male) |
| 14:06 | Create | Villager (Male) |
| 14:28 | Build | House |
| 14:52 | Create | Villager (Male) |
| 15:04 | Build | House |
| 15:41 | Create | Villager (Male) |
| 16:21 | Create | Villager (Male) |
| 16:31 | Build | House |
| 16:44 | Create | Villager (Male) |
| 17:11 | Create | Villager (Male) |
| 17:35 | Create | Villager (Male) |
| 18:06 | Create | Villager (Male) |
| 18:09 | Build | House |
| 18:32 | Create | Villager (Male) |
| 19:03 | Create | Villager (Male) |
| 19:31 | Create | Villager (Male) |
| 19:33 | Build | Palisade Wall |
| 19:44 | Create | Villager (Male) |
| 19:59 | Build | Palisade Wall |
| 20:02 | Build | House |
| 20:02 | Create | Villager (Male) |
| 20:04 | Build | House |
| 20:05 | Create | Villager (Male) |
| 20:07 | Build | Palisade Wall |
| 20:19 | Build | Palisade Wall |
| 20:32 | Build | Mill |
| 20:44 | Create | Villager (Male) |
| 20:55 | Build | House |
| 21:06 | Build | Palisade Wall |
| 21:17 | Build | Farm |
| 21:18 | Build | Farm |
| 21:19 | Build | Farm |
| 21:20 | Build | Farm |
| 21:24 | Build | Farm |
| 21:25 | Build | Farm |
| 21:26 | Build | Farm |
| 21:29 | Build | Farm |
| 21:30 | Build | Farm |
| 21:42 | Create | Villager (Male) |
| 21:45 | Build | Farm |
| 21:45 | Build | Farm |
| 21:46 | Build | Farm |
| 21:48 | Build | Farm |
| 21:56 | Build | Palisade Wall |
| 22:05 | Create | Villager (Male) |
| 22:17 | Build | House |
| 22:18 | Build | House |
| 22:22 | Build | Palisade Wall |
| 22:26 | Create | Villager (Male) |
| 22:49 | Create | Villager (Male) |
| 23:05 | Build | Farm |
| 23:06 | Build | Farm |
| 23:07 | Build | Farm |
| 23:13 | Build | Lumber Camp |
| 23:17 | Build | Farm |
| 23:18 | Build | Farm |
| 23:28 | Create | Villager (Male) |
| 23:43 | Build | Mining Camp |
| 24:03 | Research | Feudal Age |
| 24:04 | Research | Feudal Age |
| 24:15 | Build | House |
| 24:26 | Build | Farm |
| 24:35 | Build | House |
| 24:46 | Build | Outpost |
| 24:49 | Build | Lumber Camp |
| 24:58 | Build | Palisade Wall |
| 25:04 | Build | Palisade Wall |
| 25:21 | Build | Palisade Wall |
| 25:32 | Build | Outpost |
| 25:52 | Create | Villager (Male) |
| 25:52 | Create | Villager (Male) |
| 26:12 | Build | Palisade Wall |
| 26:13 | Age | Feudal Age |
| 26:16 | Build | Market |
| 26:17 | Build | Blacksmith |
| 26:33 | Build | Palisade Wall |
| 26:47 | Build | Palisade Wall |
| 26:56 | Build | Palisade Wall |
| 27:07 | Research | Castle Age |
| 27:07 | Research | Castle Age |
| 27:11 | Build | House |
| 27:19 | Research | Double-Bit Axe |
| 27:19 | Research | Double-Bit Axe |
| 27:20 | Research | Horse Collar |
| 27:20 | Research | Horse Collar |
| 27:39 | Build | House |
| 28:16 | Build | Dock |
| 28:31 | Create | Villager (Male) |
Build order — Gary_zZ
First 150 of 550 actions detected
| 0:02 | Build | Town Center |
| 0:19 | Build | Dock |
| 0:20 | Build | House |
| 2:23 | Create | Villager (Male) |
| 2:23 | Create | Villager (Male) |
| 2:24 | Create | Villager (Male) |
| 2:24 | Create | Villager (Male) |
| 2:25 | Create | Villager (Male) |
| 3:22 | Create | Villager (Male) |
| 3:50 | Create | Fishing Ship |
| 4:10 | Build | House |
| 4:25 | Create | Villager (Male) |
| 4:49 | Create | Villager (Male) |
| 5:16 | Create | Fishing Ship |
| 5:18 | Create | Villager (Male) |
| 5:44 | Create | Villager (Male) |
| 5:55 | Build | House |
| 6:02 | Create | Villager (Male) |
| 6:29 | Create | Villager (Male) |
| 6:30 | Create | Villager (Male) |
| 6:31 | Create | Fishing Ship |
| 6:51 | Create | Villager (Male) |
| 6:52 | Create | Fishing Ship |
| 7:12 | Create | Villager (Male) |
| 7:21 | Build | House |
| 7:36 | Create | Villager (Male) |
| 7:41 | Create | Fishing Ship |
| 7:45 | Build | House |
| 7:52 | Build | Palisade Wall |
| 8:08 | Create | Villager (Male) |
| 8:10 | Create | Fishing Ship |
| 8:27 | Create | Villager (Male) |
| 8:30 | Build | Palisade Wall |
| 8:33 | Build | Palisade Wall |
| 8:36 | Create | Villager (Male) |
| 8:43 | Create | Fishing Ship |
| 9:08 | Create | Villager (Male) |
| 9:18 | Build | Mining Camp |
| 9:25 | Create | Villager (Male) |
| 9:36 | Build | House |
| 9:48 | Create | Fishing Ship |
| 10:18 | Create | Villager (Male) |
| 10:22 | Build | Mill |
| 10:38 | Build | House |
| 10:41 | Research | Feudal Age |
| 11:41 | Build | Palisade Wall |
| 11:42 | Build | Barracks |
| 11:47 | Build | House |
| 12:04 | Build | Barracks |
| 12:26 | Create | Villager (Male) |
| 12:27 | Research | Loom |
| 12:54 | Age | Feudal Age |
| 12:56 | Build | Blacksmith |
| 12:59 | Build | Stable |
| 13:15 | Build | Palisade Wall |
| 13:18 | Build | House |
| 13:20 | Build | Palisade Wall |
| 13:32 | Build | Lumber Camp |
| 13:55 | Research | Castle Age |
| 13:56 | Create | Unit 2626 |
| 14:30 | Research | Double-Bit Axe |
| 15:12 | Create | Villager (Male) |
| 15:15 | Create | Unit 2626 |
| 15:19 | Build | Dock |
| 15:22 | Create | Scout Cavalry |
| 15:29 | Create | Villager (Male) |
| 15:42 | Create | Villager (Male) |
| 16:30 | Create | Villager (Male) |
| 16:35 | Age | Castle Age |
| 16:39 | Create | Knight |
| 16:46 | Create | Knight |
| 16:47 | Create | Villager (Male) |
| 16:52 | Build | Town Center |
| 17:29 | Create | Villager (Male) |
| 17:34 | Create | Knight |
| 18:03 | Create | Villager (Male) |
| 18:13 | Build | Town Center |
| 18:20 | Create | Villager (Male) |
| 18:40 | Create | Villager (Male) |
| 19:14 | Create | Villager (Male) |
| 19:30 | Create | Villager (Male) |
| 19:36 | Create | Villager (Male) |
| 19:50 | Create | Villager (Male) |
| 19:51 | Build | Siege Workshop |
| 19:54 | Build | Monastery |
| 20:02 | Create | Villager (Male) |
| 20:28 | Create | Scorpion |
| 20:35 | Create | Villager (Male) |
| 20:39 | Create | Villager (Male) |
| 20:50 | Create | Villager (Male) |
| 21:08 | Create | Villager (Male) |
| 21:25 | Create | Villager (Male) |
| 21:30 | Create | Villager (Male) |
| 21:31 | Build | Farm |
| 21:33 | Create | Villager (Male) |
| 21:47 | Create | Villager (Male) |
| 21:50 | Build | House |
| 21:50 | Build | House |
| 22:07 | Create | Villager (Male) |
| 22:21 | Create | Villager (Male) |
| 22:24 | Research | Horse Collar |
| 22:35 | Create | Villager (Male) |
| 22:42 | Create | Villager (Male) |
| 22:46 | Create | Villager (Male) |
| 23:09 | Create | Scorpion |
| 23:27 | Create | Villager (Male) |
| 23:33 | Create | Monk |
| 23:41 | Build | Farm |
| 23:42 | Build | Farm |
| 23:45 | Create | Villager (Male) |
| 23:46 | Create | Villager (Male) |
| 23:54 | Build | House |
| 23:56 | Create | Villager (Male) |
| 24:06 | Create | Villager (Male) |
| 24:13 | Create | Villager (Male) |
| 24:15 | Create | Villager (Male) |
| 24:26 | Create | Monk |
| 24:29 | Build | House |
| 24:39 | Create | Scorpion |
| 24:45 | Create | Villager (Male) |
| 24:59 | Create | Knight |
| 25:11 | Build | House |
| 25:12 | Create | Villager (Male) |
| 25:29 | Research | Sanctity |
| 25:29 | Create | Monk |
| 25:33 | Create | Villager (Male) |
| 25:34 | Build | Farm |
| 25:36 | Create | Villager (Male) |
| 25:37 | Build | Farm |
| 25:44 | Build | Farm |
| 25:46 | Create | Villager (Male) |
| 26:02 | Build | Lumber Camp |
| 26:03 | Create | Villager (Male) |
| 26:07 | Create | Villager (Male) |
| 26:23 | Create | Scorpion |
| 26:41 | Build | Farm |
| 26:41 | Build | Farm |
| 26:50 | Create | Villager (Male) |
| 27:11 | Create | Villager (Male) |
| 27:14 | Create | Scorpion |
| 27:17 | Create | Knight |
| 27:17 | Create | Knight |
| 27:19 | Build | House |
| 27:21 | Create | Villager (Male) |
| 27:26 | Build | Farm |
| 27:27 | Build | Farm |
| 27:28 | Build | Farm |
| 27:31 | Build | Farm |
| 27:43 | Create | Villager (Male) |
| 27:44 | Build | Farm |
Build order — Chechelino
First 150 of 743 actions detected
| 0:12 | Build | Town Center |
| 1:31 | Build | Dock |
| 1:32 | Build | House |
| 2:44 | Create | Villager (Male) ×4 |
| 2:44 | Create | Villager (Male) ×4 |
| 4:22 | Create | Villager (Male) |
| 4:22 | Create | Villager (Male) |
| 4:28 | Create | Fishing Ship |
| 4:28 | Create | Fishing Ship |
| 4:49 | Create | Villager (Male) |
| 4:55 | Build | House |
| 5:25 | Create | Villager (Male) |
| 5:36 | Create | Fishing Ship |
| 5:37 | Create | Fishing Ship |
| 5:37 | Create | Fishing Ship |
| 5:51 | Create | Villager (Male) |
| 5:52 | Create | Villager (Male) |
| 6:00 | Build | House |
| 6:13 | Create | Villager (Male) |
| 6:14 | Create | Villager (Male) |
| 6:45 | Create | Villager (Male) |
| 6:45 | Create | Villager (Male) |
| 6:52 | Create | Fishing Ship |
| 6:52 | Create | Fishing Ship |
| 7:12 | Create | Villager (Male) |
| 7:29 | Create | Fishing Ship |
| 7:30 | Create | Fishing Ship |
| 7:31 | Create | Villager (Male) |
| 7:31 | Create | Villager (Male) |
| 7:33 | Create | Villager (Male) |
| 7:34 | Create | Villager (Male) |
| 7:38 | Build | House |
| 8:14 | Research | Loom |
| 8:34 | Create | Villager (Male) |
| 8:37 | Build | Palisade Wall |
| 8:55 | Build | Mining Camp |
| 9:04 | Create | Villager (Male) |
| 10:07 | Research | Feudal Age |
| 10:08 | Research | Feudal Age |
| 10:57 | Build | Dock |
| 11:02 | Build | Dock |
| 11:16 | Build | Palisade Wall |
| 11:20 | Build | House |
| 11:28 | Create | Villager (Male) |
| 11:50 | Build | House |
| 12:17 | Age | Feudal Age |
| 12:21 | Create | Galley |
| 12:26 | Create | Galley |
| 12:33 | Create | Fire Galley |
| 12:33 | Create | Fire Galley |
| 12:35 | Create | Villager (Male) |
| 12:46 | Build | Lumber Camp |
| 12:50 | Build | Lumber Camp |
| 12:59 | Build | Palisade Wall |
| 13:05 | Build | House |
| 13:06 | Create | Villager (Male) |
| 13:19 | Create | Fire Galley |
| 13:20 | Create | Fire Galley |
| 13:31 | Create | Villager (Male) |
| 13:34 | Research | Double-Bit Axe |
| 13:34 | Research | Double-Bit Axe |
| 13:50 | Create | Villager (Male) |
| 13:53 | Create | Fire Galley |
| 13:53 | Create | Fire Galley |
| 14:42 | Create | Fire Galley |
| 14:43 | Create | Fire Galley |
| 14:43 | Create | Villager (Male) ×5 |
| 14:54 | Create | Villager (Male) |
| 14:57 | Build | House |
| 15:01 | Create | Villager (Male) |
| 15:14 | Create | Fire Galley |
| 15:14 | Create | Fire Galley |
| 16:10 | Create | Villager (Male) |
| 16:12 | Create | Fire Galley |
| 16:13 | Create | Fire Galley |
| 16:22 | Build | Dock |
| 16:24 | Create | Villager (Male) |
| 16:33 | Build | Mill |
| 16:50 | Create | Fire Galley |
| 16:50 | Create | Fire Galley |
| 16:53 | Create | Villager (Male) |
| 17:16 | Build | Palisade Wall |
| 17:17 | Build | House |
| 17:20 | Build | House |
| 17:24 | Build | House |
| 17:27 | Build | House |
| 17:37 | Create | Fire Galley |
| 17:37 | Create | Fire Galley |
| 17:48 | Create | Villager (Male) |
| 17:55 | Create | Fire Galley |
| 18:00 | Build | House |
| 18:21 | Build | Farm |
| 18:22 | Build | Farm |
| 18:22 | Build | Farm |
| 18:22 | Build | Farm |
| 18:22 | Build | Farm |
| 18:25 | Build | Farm |
| 18:40 | Create | Villager (Male) |
| 18:48 | Create | Fire Galley |
| 18:48 | Create | Fire Galley |
| 19:04 | Create | Villager (Male) |
| 19:16 | Create | Villager (Male) |
| 19:52 | Build | Palisade Wall |
| 20:06 | Create | Villager (Male) |
| 20:09 | Create | Villager (Male) |
| 20:21 | Build | House |
| 20:23 | Build | Palisade Wall |
| 20:28 | Build | Mining Camp |
| 20:51 | Create | Villager (Male) |
| 21:14 | Create | Fire Galley |
| 21:14 | Create | Fire Galley |
| 21:15 | Create | Fire Galley |
| 21:29 | Create | Villager (Male) |
| 21:33 | Build | Farm |
| 21:35 | Build | Lumber Camp |
| 21:44 | Build | Market |
| 21:59 | Create | Villager (Male) |
| 22:46 | Build | Blacksmith |
| 22:51 | Build | House |
| 23:00 | Create | Villager (Male) |
| 23:15 | Research | Castle Age |
| 23:15 | Research | Castle Age |
| 23:40 | Build | Dock |
| 23:47 | Research | Tech 906 |
| 23:48 | Create | Villager (Male) |
| 24:11 | Create | Fire Galley |
| 24:11 | Create | Fire Galley |
| 24:11 | Create | Fire Galley |
| 24:12 | Create | Fire Galley |
| 24:27 | Research | Gold Mining |
| 24:27 | Research | Gold Mining |
| 24:27 | Research | Gold Mining |
| 24:34 | Build | House |
| 24:35 | Build | House |
| 24:37 | Build | House |
| 24:54 | Create | Villager (Male) |
| 25:02 | Create | Fire Galley |
| 25:02 | Create | Fire Galley |
| 25:16 | Create | Villager (Male) |
| 25:22 | Research | Horse Collar |
| 25:36 | Create | Villager (Male) |
| 25:55 | Age | Castle Age |
| 26:01 | Research | Fletching |
| 26:04 | Research | War Galley (upgrade) |
| 26:17 | Create | Villager (Male) |
| 26:19 | Create | Villager (Male) |
| 26:29 | Build | Outpost |
| 26:41 | Create | Fire Galley |
| 26:41 | Create | Fire Galley |
| 26:41 | Create | Fire Galley |
Build order — 幼猫上坟
First 150 of 227 actions detected
| 0:45 | Build | Town Center |
| 0:54 | Build | Dock |
| 1:24 | Build | House |
| 2:50 | Create | Villager (Male) |
| 2:50 | Create | Villager (Male) |
| 2:51 | Create | Villager (Male) |
| 2:54 | Create | Villager (Male) |
| 3:52 | Create | Fishing Ship |
| 4:25 | Build | House |
| 4:30 | Create | Villager (Male) |
| 4:50 | Create | Villager (Male) |
| 5:15 | Create | Villager (Male) |
| 5:32 | Create | Fishing Ship |
| 5:47 | Create | Villager (Male) |
| 5:48 | Create | Villager (Male) |
| 5:56 | Build | House |
| 6:11 | Research | Loom |
| 6:25 | Create | Fishing Ship |
| 6:28 | Create | Villager (Male) |
| 6:51 | Create | Villager (Male) |
| 7:04 | Build | House |
| 7:09 | Create | Villager (Male) |
| 7:44 | Create | Villager (Male) |
| 8:19 | Create | Villager (Male) |
| 9:02 | Build | Town Center |
| 9:39 | Create | Villager (Male) |
| 9:42 | Create | Villager (Male) |
| 10:18 | Create | Villager (Male) |
| 10:45 | Create | Villager (Male) |
| 11:11 | Create | Villager (Male) |
| 11:33 | Create | Villager (Male) |
| 11:48 | Create | Villager (Male) |
| 12:21 | Build | House |
| 13:18 | Create | Villager (Male) |
| 13:40 | Create | Villager (Male) |
| 14:12 | Create | Villager (Male) |
| 14:27 | Create | Villager (Male) |
| 15:14 | Create | Villager (Male) |
| 18:00 | Create | Villager (Male) |
| 21:40 | Build | Town Center |
| 23:34 | Create | Villager (Male) |
| 23:36 | Build | House |
| 23:38 | Build | House |
| 24:03 | Create | Villager (Male) |
| 24:22 | Build | Dock |
| 24:25 | Build | House |
| 24:44 | Build | Lumber Camp |
| 25:01 | Build | House |
| 25:17 | Research | Feudal Age |
| 25:19 | Create | Fishing Ship |
| 25:21 | Create | Fishing Ship |
| 26:44 | Create | Fishing Ship |
| 26:46 | Create | Villager (Male) |
| 26:52 | Build | Mill |
| 27:16 | Build | Mining Camp |
| 27:27 | Age | Feudal Age |
| 27:28 | Create | Fishing Ship |
| 27:32 | Create | Fishing Ship |
| 27:33 | Build | Blacksmith |
| 27:48 | Build | Market |
| 27:52 | Create | Villager (Male) |
| 28:00 | Create | Villager (Male) |
| 28:15 | Build | Farm |
| 28:17 | Build | Farm |
| 28:21 | Build | Farm |
| 28:36 | Build | Farm |
| 28:39 | Create | Villager (Male) |
| 28:43 | Create | Fishing Ship |
| 28:55 | Build | House |
| 29:12 | Create | Villager (Male) |
| 29:13 | Build | Farm |
| 29:18 | Build | Farm |
| 29:28 | Research | Horse Collar |
| 29:31 | Create | Villager (Male) |
| 29:58 | Build | Farm |
| 30:06 | Create | Villager (Male) |
| 30:54 | Research | Castle Age |
| 31:05 | Build | Dock |
| 31:14 | Create | Fishing Ship |
| 31:44 | Build | Farm |
| 31:45 | Build | Farm |
| 31:58 | Build | Farm |
| 32:02 | Build | Farm |
| 32:12 | Build | Farm |
| 32:19 | Build | Farm |
| 32:20 | Build | Farm |
| 33:20 | Create | Villager (Male) |
| 33:21 | Create | Villager (Male) |
| 33:23 | Research | Gold Mining |
| 33:34 | Age | Castle Age |
| 33:37 | Build | Castle |
| 33:54 | Build | House |
| 33:57 | Build | House |
| 34:19 | Research | Wheelbarrow |
| 34:19 | Research | Wheelbarrow |
| 34:34 | Build | Monastery |
| 34:40 | Build | Monastery |
| 35:03 | Research | Imperial Age |
| 35:44 | Build | House |
| 35:48 | Build | House |
| 35:52 | Build | Mining Camp |
| 36:46 | Create | Monk |
| 36:46 | Create | Monk |
| 36:54 | Build | House |
| 37:11 | Research | Gold Shaft Mining |
| 37:41 | Build | House |
| 37:42 | Build | House |
| 38:06 | Research | Redemption |
| 38:15 | Build | House |
| 38:17 | Create | Villager (Male) |
| 38:18 | Create | Villager (Male) |
| 38:43 | Build | Monastery |
| 38:44 | Age | Imperial Age |
| 38:46 | Create | Trebuchet (Packed) |
| 38:50 | Research | Block Printing |
| 38:52 | Research | Sanctity |
| 39:01 | Create | Villager (Male) |
| 39:38 | Create | Monk |
| 39:47 | Create | Villager (Male) |
| 39:55 | Create | Monk |
| 40:20 | Build | Town Center |
| 40:33 | Create | Monk |
| 40:33 | Create | Monk |
| 40:39 | Create | Trebuchet (Packed) |
| 40:41 | Create | Trebuchet (Packed) |
| 40:42 | Create | Villager (Male) |
| 40:43 | Create | Villager (Male) |
| 41:59 | Create | Monk |
| 42:00 | Create | Monk |
| 42:04 | Create | Villager (Male) |
| 42:05 | Create | Villager (Male) |
| 42:08 | Build | Lumber Camp |
| 42:31 | Create | Monk |
| 42:32 | Create | Monk |
| 42:32 | Create | Monk |
| 42:45 | Create | Monk |
| 42:56 | Create | Monk |
| 42:57 | Create | Villager (Male) |
| 42:59 | Create | Villager (Male) |
| 43:02 | Create | Villager (Male) |
| 43:02 | Create | Villager (Male) |
| 43:07 | Build | Lumber Camp |
| 43:11 | Create | Villager (Male) |
| 43:20 | Create | Monk |
| 43:26 | Research | Illumination |
| 43:28 | Research | Theocracy |
| 43:33 | Create | Villager (Male) |
| 43:43 | Build | Dock |
| 43:51 | Create | Villager (Male) |
| 44:11 | Create | Monk |
Match timeline
| 0:19 | Gary_zZ · first_building Dock |
| 0:22 | 展毅 · first_building Dock |
| 0:48 | ilovebaskets · first_building Dock |
| 0:54 | 幼猫上坟 · first_building Dock |
| 1:04 | Chopi · first_building Dock |
| 1:12 | RománMás3 · first_building Dock |
| 1:31 | Chechelino · first_building Dock |
| 1:59 | RománMás3 · wall_segment Palisade Wall x1 |
| 2:04 | RománMás3 · wall_segment Palisade Wall x1 |
| 2:13 | RománMás3 · wall_segment Palisade Wall x1 |
| 2:16 | RománMás3 · wall_segment Palisade Wall x1 |
| 2:17 | RománMás3 · wall_segment Palisade Wall x1 |
| 2:19 | RománMás3 · wall_segment Palisade Wall x1 |
| 3:39 | VELEZ Y VINO · first_building Dock |
| 7:52 | Gary_zZ · wall_segment Palisade Wall x9 |
| 8:30 | Gary_zZ · wall_segment Palisade Wall x2 |
| 8:33 | Gary_zZ · wall_segment Palisade Wall x1 |
| 8:37 | Chechelino · wall_segment Palisade Wall x1 |
| 10:51 | RománMás3 · wall_segment Palisade Wall x1 |
| 10:52 | RománMás3 · wall_segment Palisade Wall x1 |
| 10:52 | RománMás3 · wall_segment Palisade Wall x1 |
| 10:53 | RománMás3 · wall_segment Palisade Wall x1 |
| 10:53 | RománMás3 · wall_segment Palisade Wall x1 |
| 10:55 | RománMás3 · wall_segment Palisade Wall x4 |
| 11:16 | Chechelino · wall_segment Palisade Wall x13 |
| 11:41 | Gary_zZ · wall_segment Palisade Wall x1 |
| 11:42 | Gary_zZ · first_building Barracks |
| 12:11 | VELEZ Y VINO · first_building Barracks |
| 12:16 | 展毅 · first_building Barracks |
| 12:17 | Chechelino · age_up feudal |
| 12:25 | Chopi · age_up feudal |
| 12:54 | Gary_zZ · age_up feudal |
| 12:59 | Gary_zZ · first_building Stable |
| 12:59 | Chechelino · wall_segment Palisade Wall x13 |
| 13:15 | Gary_zZ · wall_segment Palisade Wall x2 |
| 13:20 | Gary_zZ · wall_segment Palisade Wall x1 |
| 13:26 | 展毅 · age_up feudal |
| 13:28 | 展毅 · first_building Stable |
| 13:28 | ilovebaskets · age_up feudal |
| 13:30 | VELEZ Y VINO · age_up feudal |
| 14:06 | VELEZ Y VINO · first_building Stable |
| 15:56 | Chopi · first_market_buy 100 stone |
| 15:58 | Chopi · age_up castle |
| 16:35 | Gary_zZ · age_up castle |
| 17:04 | Chopi · first_building Castle |
| 17:05 | ilovebaskets · wall_segment Palisade Wall x7 |
| 17:16 | Chechelino · wall_segment Palisade Wall x1 |
| 17:23 | ilovebaskets · age_up castle |
| 17:38 | Chopi · wall_segment Palisade Wall x1 |
| 17:42 | Chopi · wall_segment Palisade Wall x1 |
| 17:44 | Chopi · wall_segment Palisade Wall x1 |
| 17:46 | Chopi · wall_segment Palisade Wall x1 |
| 17:48 | 展毅 · age_up castle |
| 17:49 | Chopi · wall_segment Palisade Wall x1 |
| 17:59 | Chopi · wall_segment Palisade Wall x1 |
| 19:33 | RománMás3 · wall_segment Palisade Wall x1 |
| 19:48 | VELEZ Y VINO · age_up castle |
| 19:51 | Gary_zZ · first_building Siege Workshop |
| 19:52 | Chechelino · wall_segment Palisade Wall x1 |
| 19:53 | 展毅 · first_building Siege Workshop |
| 19:54 | Gary_zZ · first_building Monastery |
| 19:59 | RománMás3 · wall_segment Palisade Wall x1 |
| 20:07 | RománMás3 · wall_segment Palisade Wall x1 |
| 20:07 | ilovebaskets · first_market_buy 100 wood |
| 20:19 | RománMás3 · wall_segment Palisade Wall x1 |
| 20:23 | Chechelino · wall_segment Palisade Wall x5 |
| 21:06 | RománMás3 · wall_segment Palisade Wall x5 |
| 21:43 | ilovebaskets · first_building Siege Workshop |
| 21:56 | RománMás3 · wall_segment Palisade Wall x1 |
| 22:20 | ilovebaskets · wall_segment Palisade Wall x1 |
| 22:22 | RománMás3 · wall_segment Palisade Wall x1 |
| 22:38 | Chechelino · first_market_sell 100 food |
| 23:06 | 展毅 · wall_segment Palisade Wall x1 |
| 24:58 | RománMás3 · wall_segment Palisade Wall x1 |
| 25:04 | RománMás3 · wall_segment Palisade Wall x1 |
| 25:21 | RománMás3 · wall_segment Palisade Wall x1 |
| 25:55 | Chechelino · age_up castle |
| 26:04 | ilovebaskets · first_building Castle |
| 26:12 | RománMás3 · wall_segment Palisade Wall x4 |
| 26:13 | RománMás3 · age_up feudal |
| 26:33 | RománMás3 · wall_segment Palisade Wall x8 |
| 26:47 | RománMás3 · wall_segment Palisade Wall x13 |
| 26:56 | RománMás3 · wall_segment Palisade Wall x8 |
| 27:05 | RománMás3 · first_market_sell 100 stone |
| 27:10 | Chechelino · first_building Castle |
| 27:22 | VELEZ Y VINO · first_building Castle |
| 27:27 | 幼猫上坟 · age_up feudal |
| 27:28 | Chechelino · first_market_buy 100 wood |
| 27:28 | Chopi · first_building Siege Workshop |
| 29:03 | RománMás3 · wall_segment Palisade Wall x1 |
| 29:33 | 幼猫上坟 · first_market_buy 100 food |
| 29:35 | 展毅 · first_building Castle |
| 29:47 | RománMás3 · age_up castle |
| 29:56 | VELEZ Y VINO · first_building Monastery |
| 30:39 | RománMás3 · first_building Castle |
| 31:30 | VELEZ Y VINO · first_market_buy 100 food |
| 31:34 | VELEZ Y VINO · first_market_sell 100 wood |
| 31:41 | RománMás3 · first_building Siege Workshop |
| 31:55 | VELEZ Y VINO · first_building Archery Range |
| 32:38 | RománMás3 · first_building Monastery |
| 33:32 | ilovebaskets · wall_segment Stone Wall x5 |
| 33:34 | 幼猫上坟 · age_up castle |
| 33:37 | 幼猫上坟 · first_building Castle |
| 33:46 | ilovebaskets · first_market_sell 100 wood |
| 34:33 | Chopi · first_market_sell 100 stone |
| 34:34 | 幼猫上坟 · first_building Monastery |
| 34:44 | 幼猫上坟 · first_market_sell 100 wood |
| 34:52 | VELEZ Y VINO · age_up imperial |
| 34:57 | RománMás3 · first_market_buy 100 food |
| 36:26 | Gary_zZ · first_market_buy 100 wood |
| 36:36 | VELEZ Y VINO · wall_segment Stone Wall x1 |
| 37:42 | RománMás3 · age_up imperial |
| 37:44 | Chopi · age_up imperial |
| 38:44 | 幼猫上坟 · age_up imperial |
| 39:08 | Chopi · first_building Barracks |
| 39:13 | Gary_zZ · first_building Archery Range |
| 39:20 | Chechelino · first_building Barracks |
| 39:52 | Gary_zZ · first_building Castle |
| 39:57 | 展毅 · age_up imperial |
| 39:59 | ilovebaskets · age_up imperial |
| 40:14 | 展毅 · first_market_sell 100 stone |
| 42:12 | 展毅 · first_market_buy 100 stone |
| 42:18 | ilovebaskets · first_building Barracks |
| 42:20 | Chechelino · age_up imperial |
| 43:24 | 展毅 · first_building Archery Range |
| 43:29 | RománMás3 · first_building Barracks |
| 44:03 | RománMás3 · first_building Archery Range |
| 46:30 | ilovebaskets · first_building Archery Range |
| 46:38 | Chechelino · first_building Siege Workshop |
| 47:55 | Gary_zZ · first_market_sell 500 wood |
| 47:57 | Chopi · first_building Stable |
| 49:03 | Chechelino · tribute_sent a jugador 1 |
| 49:03 | Chechelino · tribute_sent a jugador 2 |
| 49:03 | Chechelino · tribute_sent a jugador 3 |
| 49:03 | Chechelino · tribute_sent a jugador 4 |
| 49:03 | Chechelino · tribute_sent a jugador 5 |
| 49:03 | Chechelino · tribute_sent a jugador 7 |
| 49:03 | Chechelino · tribute_sent a jugador 8 |
| 50:00 | Chopi · first_building Archery Range |
| 54:45 | VELEZ Y VINO · first_building Siege Workshop |
| 55:03 | 展毅 · resign |
[ AI ANALYSIS · 1 CREDIT ]
What really happened in this match?
Wolo.gg analyzes every decision: build order, eco, micro, common mistakes by bracket. Personalized analysis on WhatsApp or Discord in 30 seconds.
Civ guide
Italians
Map guide
Nomad
Perfil
Jugador #2434099